 Dungeon Crawl Stone Soup version 0.22.0-60-ga52c2fc (webtiles) character file.

124 Merlin the Skirmisher (level 5, 0/47 HPs)
             Began as a Gnoll Wanderer on Sept 9, 2018.
             Was a Follower of Trog.
             Slain by Grinder (5 damage)
             ... while paralysed by Grinder
             ... on level 3 of the Dungeon.
             The game lasted 00:09:18 (2131 turns).

Merlin the Skirmisher (Gnoll Wanderer)              Turns: 2131, Time: 00:09:18

Health: 0/47       AC:  9    Str: 16    XL:     5   Next: 8%
Magic:  6/6        EV:  2    Int: 13    God:    Trog [*.....]
Gold:   137        SH:  0    Dex: 15    Spells: 6/6 levels left

rFire    . . .     SeeInvis .   a - +0 hand crossbow
rCold    . . .     Gourm    .   c - +0 shield
rNeg     . . .     Faith    .   j - +0 scale mail
rPois    .         Spirit   .   r - +0 helmet
rElec    .         Reflect  .   (no cloak)
rCorr    .         Harm     .   n - +0 pair of gloves
MR       .....                  (no boots)
Stlth    +.........             (no amulet)
HPRegen  0.15/turn              (no ring)
MPRegen  0.10/turn              (no ring)

@: paralysed
A: distributed training, fangs 1, strong nose
a: Berserk, Renounce Religion


You were on level 3 of the Dungeon.
You worshipped Trog.
Trog was aware of your devotion.
You were not hungry.

You visited 1 branch of the dungeon, and saw 3 of its levels.

You collected 137 gold pieces.

Inventory:

Hand Weapons
 a - a +0 hand crossbow (weapon)
 b - a +0 falchion
Missiles
 d - 3 bolts (quivered)
Armour
 c - a +0 shield (worn)
 e - a +0 ring mail
 j - a +0 scale mail (worn)
 n - a +0 pair of gloves (worn)
 r - a +0 helmet (worn)
Scrolls
 k - a scroll of fog {unknown}
 l - a scroll of enchant armour {unknown}
 o - a scroll of fear {unknown}
 p - a scroll of remove curse {unknown}
 s - a scroll of magic mapping
 t - a scroll of blinking {unknown}
Potions
 g - a potion of lignification {unknown}
 h - a potion of invisibility {unknown}
 i - a potion of heal wounds
 m - a potion of curing
 u - a potion of flight {unknown}
Comestibles
 f - 6 rations


   Skills:
 + Level 6.6 Fighting
 + Level 1.3 Short Blades
 + Level 1.3 Long Blades
 + Level 1.3 Axes
 + Level 1.3 Maces & Flails
 + Level 1.3 Polearms
 + Level 2.8 Staves
 + Level 1.3 Slings
 + Level 1.3 Bows
 + Level 4.7 Crossbows
 + Level 1.3 Throwing
 + Level 2.8 Armour
 + Level 1.3 Dodging
 + Level 4.3 Stealth
 + Level 2.8 Shields
 + Level 1.3 Unarmed Combat
 + Level 1.3 Spellcasting
 + Level 1.0 Conjurations
 + Level 1.0 Hexes
 + Level 1.0 Charms
 + Level 1.0 Summonings
 + Level 1.0 Necromancy
 + Level 1.0 Translocations
 + Level 1.0 Transmutations
 + Level 1.0 Fire Magic
 + Level 1.0 Ice Magic
 + Level 1.0 Air Magic
 + Level 1.0 Earth Magic
 + Level 1.0 Poison Magic
 + Level 1.4 Invocations
 + Level 1.3 Evocations


You had 6 spell levels left.
You didn't know any spells.
Your spell library was empty.

Dungeon Overview and Level Annotations

Branches:
Dungeon (3/15)

Altars:
Gozag
Trog
Wu Jian
Zin

Annotations:
D:3 Grinder


Innate Abilities, Weirdness & Mutations

Your experience applies equally to all skills.
You have very sharp teeth.
Your uncanny sense of smell can sniff out nearby items.


Message History

Aim: Grinder (moderately wounded)
You shoot a bolt. The bolt closely misses Grinder.
Firing (i - inventory)
d - 5 bolts (quivered)
Press: ? - help, Shift-Dir - straight line, f/p - Grinder
Aim: Grinder (moderately wounded)
You shoot a bolt. The bolt hits Grinder.
Grinder is moderately wounded.
Grinder blinks!
Firing (i - inventory)
d - 4 bolts (quivered)
Press: ? - help, Shift-Dir - straight line, f/p - Grinder
Aim: Grinder (moderately wounded)
You shoot a bolt.
The bolt hits Grinder but does no damage.
Grinder is moderately wounded.
Grinder gestures at you.
You suddenly lose the ability to move!
Grinder hits you.
* * * LOW HITPOINT WARNING * * *
You writhe in agony.
You die...

#### #.# #.#.# *,,,,,*
...# #.# #.#.# *****
***,*** ##.#
#.######.#.# *,,,* *,*
#.# #........#.# *,#,*
*,* #.#
#.#######..###.#,*****,*
##.#####.#
#(#....#,,,,**,*
.......=.#
#.#.#######,**,*
##.#####.#
#.#....#..,,,,,* #.# #.#
#@####.#.#****,*** #.#
#.#######5####.#.#
*,,,,, #.#
#................#
*,*,,,
#.#####..###.....###...#
*,,,*, #........#
#..........## *****,
########.###.########.#
*, #.....# #.# *,
##########.#### #.# *,
...........#
#.#********,


You could see Grinder.

Vanquished Creatures
  Terence (D:3)
  Robin (D:2)
  3 adders
  2 leopard geckos (D:1)
  3 giant cockroaches
  8 hobgoblins
  4 jackals (D:3)
  6 kobolds
  2 ball pythons
  8 bats
  4 frilled lizards
  9 goblins
  8 rats
59 creatures vanquished.

Notes
Turn   | Place    | Note
-------+----------+-------------------------------------------
     0 | D:1      | Merlin the Gnoll Wanderer began the quest for the Orb.
     0 | D:1      | Merlin set off with: a +0 shield, a +0 ring mail, a +0 hand
                  | crossbow, 22 bolts, a +0 dagger, a ration
     0 | D:1      | Reached XP level 1. HP: 23/23 MP: 1/1
   169 | D:1      | Reached XP level 2. HP: 29/29 MP: 2/2
   879 | D:2      | Reached XP level 3. HP: 35/35 MP: 3/3
   902 | D:2      | Noticed Robin
   926 | D:2      | Killed Robin
   926 | D:2      | Reached skill level 1 in Invocations
  1077 | D:2      | Reached skill level 1 in Short Blades
  1077 | D:2      | Reached skill level 1 in Long Blades
  1077 | D:2      | Reached skill level 1 in Axes
  1077 | D:2      | Reached skill level 1 in Maces & Flails
  1077 | D:2      | Reached skill level 1 in Polearms
  1077 | D:2      | Reached skill level 1 in Slings
  1077 | D:2      | Reached skill level 1 in Bows
  1077 | D:2      | Reached skill level 1 in Throwing
  1077 | D:2      | Reached skill level 1 in Dodging
  1077 | D:2      | Reached skill level 1 in Unarmed Combat
  1077 | D:2      | Reached skill level 1 in Spellcasting
  1077 | D:2      | Reached skill level 1 in Evocations
  1081 | D:2      | Reached XP level 4. HP: 41/41 MP: 5/5
  1166 | D:2      | Found a faded altar of an unknown god.
  1185 | D:2      | Became a worshipper of Trog the Wrathful
  1185 | D:2      | Reached * piety under Trog
  1616 | D:3      | Found an ornate altar of the Wu Jian Council.
  1628 | D:3      | Noticed Grinder
  1628 | D:3      | Noticed Terence
  1654 | D:3      | Found a glowing silver altar of Zin.
  1655 | D:3      | Found an opulent altar of Gozag.
  1670 | D:3      | Killed Terence
  1670 | D:3      | Reached skill level 1 in Conjurations
  1670 | D:3      | Reached skill level 1 in Hexes
  1670 | D:3      | Reached skill level 1 in Charms
  1670 | D:3      | Reached skill level 1 in Summonings
  1670 | D:3      | Reached skill level 1 in Necromancy
  1670 | D:3      | Reached skill level 1 in Translocations
  1670 | D:3      | Reached skill level 1 in Transmutations
  1670 | D:3      | Reached skill level 1 in Fire Magic
  1670 | D:3      | Reached skill level 1 in Ice Magic
  1670 | D:3      | Reached skill level 1 in Air Magic
  1670 | D:3      | Reached skill level 1 in Earth Magic
  1670 | D:3      | Reached skill level 1 in Poison Magic
  1818 | D:3      | Reached XP level 5. HP: 39/47 MP: 6/6
  2082 | D:3      | Paralysed by Grinder for 4 turns
  2092 | D:3      | Paralysed by Grinder for 4 turns
  2099 | D:3      | Paralysed by Grinder for 5 turns
  2130 | D:3      | Paralysed by Grinder for 7 turns
  2131 | D:3      | Slain by Grinder

Skill      XL: |  1  2  3  4 |
---------------+-------------+-----
Invocations    | 1 |  1.4
Short Blades   | 1 |  1.3
Long Blades    | 1 |  1.3
Axes           | 1 |  1.3
Maces & Flails | 1 |  1.3
Polearms       | 1 |  1.3
Slings         | 1 |  1.3
Bows           | 1 |  1.3
Throwing       | 1 |  1.3
Dodging        | 1 |  1.3
Unarmed Combat | 1 |  1.3
Spellcasting   | 1 |  1.3
Evocations     | 1 |  1.3
Conjurations   | 1 |  1.0
Hexes          | 1 |  1.0
Charms         | 1 |  1.0
Summonings     | 1 |  1.0
Necromancy     | 1 |  1.0
Translocations | 1 |  1.0
Transmutations | 1 |  1.0
Fire Magic     | 1 |  1.0
Ice Magic      | 1 |  1.0
Air Magic      | 1 |  1.0
Earth Magic    | 1 |  1.0
Poison Magic   | 1 |  1.0
Fighting       | |  6.6
Staves         | |  2.8
Crossbows      | |  4.7
Armour         | |  2.8
Stealth        | |  4.3
Shields        | |  2.8

Action                   |  1- 3 |  4- 6 || total
-------------------------+-------+-------++-------
Melee: Falchion          |       |    36 ||    36
       Bite              |       |     3 ||     3
 Fire: Hand crossbow     |    73 |    39 ||   112
  Use: Scroll            |       |     3 ||     3
 Stab: Sleeping          |       |     1 ||     1
  Eat: Chunk             |       |     4 ||     4
Armor: Scale mail        |    13 |    31 ||    44
Dodge: Dodged            |     8 |    21 ||    29
Block: Shield            |    13 |    31 ||    44
       Rpst.: Falchion   |       |     3 ||     3
